 Dungeon Crawl Stone Soup version 0.29.1-12-g30fa7ad0bf (webtiles) character file.

Game seed: 16562505574158582559

6245 cheesebisquit the Basher (level 10, -7/141 HPs)
             Began as a Minotaur Berserker on Dec 22, 2022.
             Was a Priest of Trog.
             Mangled by Snorg (17 damage)
             ... on level 9 of the Dungeon on Dec 23, 2022.
             The game lasted 00:39:16 (9392 turns).

cheesebisquit the Basher (Minotaur Berserker)       Turns: 9392, Time: 00:39:16

Health: -7/141     AC: 20    Str: 25    XL:     10   Next: 62%
Magic:  9/9        EV: 14    Int:  4    God:    Trog [***...]
Gold:   585        SH:  0    Dex: 11    Spells: 9/9 levels left

rFire   . . .      SeeInvis +   j - +3 morningstar
rCold   . . .      Faith    .   (no shield)
rNeg    . . .      Spirit   .   K - +0 plate armour
rPois   .          Reflect  .   R - +1 hat
rElec   .          Harm     .   P - +0 cloak
rCorr   .          Rampage  .   k - +1 Delatra's gloves {ID++}
Will    ++...                   t - +0 pair of boots
Stlth   ..........              (no amulet)
HPRegen 1.33/turn               M - +4 ring of evasion
MPRegen 0.11/turn               h - ring of see invisible

@: berserking (expiring), strong-willed, regenerating, very quick
A: horns 2, retaliatory headbutt
a: Renounce Religion, Berserk, Trog's Hand


You were on level 9 of the Dungeon.
You worshipped Trog.
Trog was most pleased with you.
You visited 1 branch of the dungeon, and saw 10 of its levels.

You collected 585 gold pieces.

Inventory:

Hand Weapons
 a - a +0 flail
 b - a +0 sling
 f - a +0 whip of electrocution
 j - a +3 morningstar (weapon)
 n - a +2 whip of freezing
 q - a +2 mace of draining
 V - a +0 shortbow
Missiles
 e - 113 stones (quivered)
 E - 18 poisoned darts
 S - 2 curare-tipped darts
Armour
 k - the +1 Delatra's gloves (worn) {ID++}
   (You found it on level 4 of the Dungeon)

   It heals its wearer when they drink unknown potions.
   It restores its wearer's MP when they read unknown scrolls.
 o - a +0 chain mail
 t - a +0 pair of boots (worn)
 x - a +0 ring mail
 K - a +0 plate armour (worn)
 P - a +0 cloak (worn)
 R - a +1 hat (worn)
Jewellery
 c - a ring of magical power
 h - a ring of see invisible (right hand)
 C - a ring of positive energy
 D - a +6 ring of intelligence
 M - a +4 ring of evasion (left hand)
Wands
 B - a wand of acid (14)
 I - a wand of mindburst (33)
 J - a wand of flame (10)
Scrolls
 i - a scroll of torment
 l - a scroll of blinking
 u - 3 scrolls of teleportation
 w - 3 scrolls of magic mapping {unknown}
 y - a scroll of fog {unknown}
 L - a scroll of summoning {unknown}
 N - 2 scrolls of silence {unknown}
 T - a scroll of noise {unknown}
Potions
 d - 3 potions of heal wounds
 g - 4 potions of haste
 m - 2 potions of flight
 p - a potion of ambrosia {unknown}
 r - a potion of degeneration {unknown}
 v - 4 potions of curing
 z - 2 potions of invisibility
 A - 3 potions of cancellation
 F - 4 potions of might
 G - 2 potions of attraction
 H - 2 potions of mutation
 O - 3 potions of berserk rage
 Q - a potion of lignification {unknown}


   Skills:
 + Level 10.3 Fighting
 + Level 10.4 Maces & Flails
 + Level 10.0 Armour
 + Level 9.2 Dodging


You had 9 spell levels left.
You didn't know any spells.
Your spell library was empty.

Dungeon Overview and Level Annotations

Branches:
Dungeon (10/15)            Temple (0/1) D:5
   Lair: D:8-11         Orc: D:9-12

Altars:
The Shining One

Shops:
D:1 !

Annotations:
D:9 Snorg


Innate Abilities, Weirdness & Mutations

You have a pair of horns on your head.
You reflexively headbutt those who attack you in melee.


Message History

You bludgeon Snorg!!
Snorg is moderately wounded.
Snorg barely misses you. Snorg closely misses you. Snorg barely misses you.
You barely miss Snorg.
Snorg is moderately wounded.
Snorg bites you. Snorg claws you but does no damage. x2
You bludgeon Snorg!! You headbutt Snorg!
Snorg is heavily wounded.
Snorg completely misses you. Snorg claws you but does no damage.
Snorg claws you!
You perforate Snorg like a sieve!!!
Snorg is severely wounded.
Snorg bites you!!
* * * LOW HITPOINT WARNING * * *
Snorg misses you. x2
You closely miss Snorg.
Snorg is severely wounded.
Snorg bites you but does no damage. Snorg closely misses you.
Snorg claws you but does no damage.
You barely miss Snorg.
Snorg is severely wounded.
Snorg bites you.
* * * LOW HITPOINT WARNING * * *
Snorg closely misses you. Snorg misses you.
You sock Snorg!
Snorg is severely wounded.
Snorg bites you!!
* * * LOW HITPOINT WARNING * * *
Snorg barely misses you. Snorg claws you.
* * * LOW HITPOINT WARNING * * *
You are too berserk!
You bludgeon Snorg!!
Snorg is severely wounded.
Snorg bites you but does no damage. Snorg claws you!
* * * LOW HITPOINT WARNING * * *
Snorg closely misses you.
You impale Snorg!!
Snorg is almost dead.
Snorg barely misses you. Snorg claws you!
You die...

#..+..........#
#.##..........#
#.##..........#
#.##..........#
#.##..........#####
#.................#
#####.#.####......#
#.#.####..T...####
#.#....[..@......##########
#.########.#...............
#.#..............#####.....
#.#.######.#...#######.....
#.#.#......#...............
#.#)#...#..###..#########..
###.#.###.#.......[##########
#............###.........#
#.#.#.####.....#..#..###.#


You could see Snorg (berserk).

Vanquished Creatures
  Joseph (D:9)
  Psyche (D:9)
  A shadow (D:9)
  A wyvern (D:7)
  11 yaks
  Eustachio (D:4)
  Menkaure (D:3)
  3 orc warriors
  A sky beast (D:8)
  3 ice beasts
  3 hornet zombies (D:7)
  2 ogres
  A centaur (D:8)
  3 phantoms
  2 kobold brigands (D:8)
  3 bullfrogs
  4 scorpions
  9 wights
  4 electric eels (D:9)
  2 howler monkeys
  A centaur zombie (D:7)
  3 jellies
  5 orc priests
  3 hounds
  A gnoll bouda (D:7)
  2 iguanas
  10 orc wizards
  A killer bee zombie (D:7)
  5 gnolls (D:7)
  4 adders
  2 white imps
  An ufetubus (D:5)
  3 worms
  3 dart slugs
  26 orcs
  9 ball pythons
  9 endoplasms
  4 giant cockroaches
  18 goblins
  5 hobgoblins
  13 kobolds
  4 quokkas
  8 bats
  A frilled lizard (D:2)
  7 rats
205 creatures vanquished.

Vanquished Creatures (others)
  An orc (D:9)
  38 plants (D:9)
  4 toadstools (D:8)
  7 withered plants (D:7)
50 creatures vanquished.

Grand Total: 255 creatures vanquished

Notes
Turn   | Place    | Note
-------+----------+-------------------------------------------
     0 | D:1      | cheesebisquit the Minotaur Berserker began the quest for
                  | the Orb.
     0 | D:1      | Reached XP level 1. HP: 19/19 MP: 0/0
   193 | D:1      | Reached XP level 2. HP: 27/27 MP: 1/1
   654 | D:1      | Reached XP level 3. HP: 33/33 MP: 2/2
   894 | D:1      | Found Woc Dad's Distillery.
   988 | D:2      | Found a glowing golden altar of the Shining One.
  1258 | D:2      | Reached ** piety under Trog
  2377 | D:3      | Reached XP level 4. HP: 41/41 MP: 3/3
  2659 | D:4      | Noticed Menkaure
  2676 | D:3      | Killed Menkaure
  2677 | D:3      | Reached XP level 5. HP: 19/47 MP: 4/4
  2956 | D:4      | Reached skill level 5 in Fighting
  2956 | D:4      | Reached skill level 5 in Maces & Flails
  3091 | D:4      | Reached XP level 6. HP: 56/56 MP: 5/5
  3220 | D:4      | Noticed an orc warrior
  3239 | D:4      | Killed an orc warrior
  3251 | D:4      | Found the +1 Delatra's gloves {ID++}
  3550 | D:4      | Noticed Eustachio
  3571 | D:4      | Killed Eustachio
  3572 | D:4      | Reached skill level 5 in Armour
  3572 | D:4      | Reached XP level 7. HP: 62/62 MP: 6/6
  4016 | D:5      | Entered Level 5 of the Dungeon
  4054 | D:5      | Reached skill level 5 in Dodging
  4174 | D:5      | Reached XP level 8. HP: 67/71 MP: 7/7
  4661 | D:5      | Found a staircase to the Ecumenical Temple.
  6034 | D:7      | Reached *** piety under Trog
  6047 | D:7      | Reached XP level 9. HP: 81/81 MP: 8/8
  7317 | D:8      | Reached XP level 10. HP: 91/91 MP: 9/9
  8444 | D:9      | Reached skill level 10 in Maces & Flails
  8446 | D:9      | Reached skill level 10 in Fighting
  8561 | D:9      | Noticed Psyche
  8569 | D:9      | Killed Psyche
  8625 | D:9      | Noticed Joseph
  8631 | D:9      | Killed Joseph
  9089 | D:9      | Reached skill level 10 in Armour
  9347 | D:10     | Entered Level 10 of the Dungeon
  9366 | D:10     | Noticed Snorg
  9392 | D:9      | Mangled by Snorg

Illustrated notes

Levels and vault maps discovered:
D:1:      heliophobic_arrival_ceremonial_halls, layout_rooms, serial_shops,
          nicolae_shop_hallway_stairs, minmay_misc_feat_secret_circle,
          nicolae_wormholes
D:2:      minmay_spotlight, layout_loops_cross, basic_altar, minmay_pentomino_s2
D:3:      layout_basic, serial_glass, glass_columns_c, glass_columns_a,
          glass_columns_a, st_stairs_1
D:4:      layout_basic, pf_guarded_unrand_delatra, uniq_menkaure, uniq_eustachio
D:5:      layout_basic, minmay_temple_entry_grid, minmay_ogre_servants
D:6:      layout_rooms, minmay_manual_mail
D:7:      layout_loops_ring, serial_undead, serial_undead_f, serial_undead_a,
          serial_undead_b, serial_undead_c
D:8:      layout_basic, minmay_gold_behind_fungi
D:9:      layout_basic, serial_bayou, serial_bayou_crossing,
          serial_bayou_lagoon_a, serial_bayou_shore_a, serial_bayou_shore_b,
          uniq_psyche, uniq_joseph
D:10:     layout_cave_pools, nicolae_dithmenos_through_a_glass_darkly,
          gammafunk_ghost_stat_death, trove_entry_hex_spiral, uniq_snorg

Skill      XL: |  1  2  3  4  5  6  7  8  9 10 |
---------------+-------------------------------+-----
Fighting       | 4 5 6 7 9 10 | 10.3
Maces & Flails | 4 5 6 8 9 10 | 10.4
Armour         | 3 4 5 6 7 9 10 | 10.0
Dodging        | 3 4 5 6 8 9 |  9.2

Action                   |  1- 3 |  4- 6 |  7- 9 | 10-12 || total
-------------------------+-------+-------+-------+-------++-------
Melee: Mace              |    86 |    53 |       |       ||   139
       Headbutt          |     8 |     8 |    33 |    16 ||    65
       Morningstar       |       |    25 |   257 |   113 ||   395
       Punch             |       |       |     3 |     3 ||     6
Invok: Berserk           |     2 |     3 |     8 |     5 ||    18
       Trog's Hand       |       |     2 |     3 |     3 ||     8
  Use: Scroll            |       |     6 |     6 |     3 ||    15
Armor: Animal skin       |     8 |       |       |       ||     8
       Chain mail        |    26 |    30 |       |       ||    56
       Plate armour      |       |    12 |   193 |    54 ||   259
       Skin              |       |       |       |     2 ||     2
Dodge: Dodged            |    66 |    29 |   119 |    96 ||   310
